Map: Ephemeron LE

Players

SortOf - Winner!

  • Race: Zerg Zerg
  • League: Platinum
  • Spawn Location: 11:00

uThermal

  • Race: Terran Terran
  • Spawn Location: 5:00

VOD

Have the link to the VOD?

Description

Time

  • Played on: Sept. 7, 2019, 11:59 a.m.
  • Length: 24:28
Show
View Real Time Build Order
Export as new Build Order

SortOf Zerg - Winner!

Build Orders: Hatch First 

Get SALT Encoding   

  12  0:01  Drone  
  13  0:13  Overlord  
  13  0:17  Drone  
  14  0:31  Drone x2  
  16  0:48  Hatchery  
  15  0:51  Drone  
  15  0:55  Drone  
  17  0:58  Drone  
  18  1:09  Extractor  
  17  1:14  Spawning Pool  
  17  1:17  Drone  
  17  1:20  Drone  
  18  1:28  Drone  
  19  1:39  Drone  
  20  1:49  Overlord  
  20  2:01  Queen x2, Zergling x2  
  22  2:02  Zergling x2  
  26  2:11  Drone x2  
  26  2:13  Metabolic Boost  
  28  2:22  Drone x2  
  30  2:33  Overlord  
  30  2:36  Queen  
  32  2:40  Drone  
  33  2:51  Pneumatized Carapace  
  33  2:52  Drone x2  
  34  3:01  Drone  
  34  3:04  Zergling x2  
  36  3:08  Extractor  
  36  3:09  Drone  
  36  3:10  Drone  
  36  3:12  Overlord, Queen  
  39  3:14  Drone  
  39  3:15  Drone  
  41  3:20  Drone  
  43  3:30  Drone  
  43  3:34  Queen, Hatchery  
  44  3:38  Overlord  
  45  3:42  Zergling x4  
  47  3:49  Drone x2  
  47  3:50  Drone  
  47  3:54  Drone  
  51  4:02  Drone x2  
  53  4:05  Evolution Chamber  
  53  4:07  Overlord  
  53  4:08  Evolution Chamber  
  51  4:13  Drone  
  51  4:16  Spore Crawler, Drone  
  51  4:17  Overlord, Drone  
  53  4:18  Zergling x6  
  56  4:28  Queen  
  56  4:30  Zergling x6  
  61  4:32  Overlord  
  61  4:35  Drone  
  62  4:39  Zerg Ground Armor Level 1  
  62  4:44  Drone  
  63  4:46  Queen  
  63  4:47  Drone x3  
  68  4:56  Zerg Melee Weapons Level 1  
  68  4:59  Drone x3  
  71  5:11  Overlord  
  71  5:12  Overlord  
  71  5:13  Drone x4  
  74  5:16  Drone x2  
  76  5:22  Lair, Extractor  
  76  5:23  Drone x2  
  76  5:24  Drone  
  76  5:27  Drone  
  79  5:31  Zergling x4  
  79  5:32  Zergling x2  
  79  5:35  Drone x2, Extractor  
  82  5:36  Drone  
  82  5:37  Extractor  
  82  5:40  Baneling Nest, Extractor  
  81  5:45  Drone x2  
  83  5:51  Drone x2  
  83  5:52  Drone x4  
  89  6:01  Drone x2  
  89  6:02  Drone  
  89  6:03  Drone x4  
  96  6:04  Hatchery  
  95  6:11  Zergling x2  
  95  6:12  Overlord  
  95  6:14  Overlord  
  96  6:19  Zergling x8, Hatchery  
  96  6:23  Zergling x6  
  96  6:24  Baneling x5  
  102  6:27  Centrifical Hooks  
  102  6:30  Overseer  
  102  6:38  Zergling x6  
  102  6:39  Overlord, Zergling x6  
  108  6:43  Baneling x9  
  108  6:47  Zergling x4  
  108  6:48  Zergling x6  
  113  6:54  Infestation Pit  
  113  6:55  Overlord  
  110  7:01  Zergling x14  
  110  7:07  Zerg Ground Armor Level 2  
  115  7:18  Drone x9  
  123  7:28  Zerg Melee Weapons Level 2  
  123  7:33  Hatchery  
  123  7:34  Hive  
  123  7:35  Hatchery  
  123  7:36  Zergling x2  
  123  7:37  Zergling x4  
  124  7:38  Drone  
  124  7:41  Zergling x4  
  124  7:42  Spore Crawler  
  126  7:52  Zergling x18  
  126  7:54  Hatchery  
  135  8:00  Overlord  
  135  8:01  Zergling x10  
  135  8:03  Baneling x6  
  135  8:04  Baneling  
  140  8:16  Zergling x12  
  140  8:18  Drone x5  
  148  8:24  Extractor  
  148  8:26  Drone x3  
  150  8:29  Overlord x3  
  150  8:33  Baneling x5  
  150  8:41  Overlord  
  150  8:45  Overlord  
  125  8:59  Zergling x2, Ultralisk Cavern  
  125  9:00  Zergling x34  
  137  9:10  Overlord  
  137  9:11  Drone  
  137  9:13  Zergling x2  
  137  9:14  Queen  
  141  9:19  Baneling x2  
  141  9:20  Baneling x4  
  141  9:24  Zergling x26  
  154  9:31  Baneling x8  
  154  9:37  Zergling x10  
  154  9:38  Zergling x6  
  162  9:41  Overlord  
  162  9:46  Zerg Melee Weapons Level 3, Zerg Ground Armor Level 3  
  162  9:47  Chitinous Plating  
  162  9:50  Ultralisk  
  163  10:09  Ultralisk x3  
  163  10:10  Zergling x10  
  163  10:12  Overlord  
  176  10:16  Drone x3, Extractor  
  176  10:17  Spore Crawler  
  176  10:19  Zergling x10  
  176  10:21  Drone x2  
  183  10:25  Baneling x9  
  179  10:32  Nydus Network  
  179  10:33  Overlord  
  179  10:35  Extractor, Drone x3  
  180  10:39  Nydus Network  
  180  10:40  Overlord  
  177  10:51  Overseer x2  
  177  10:58  Hatchery  
  177  11:03  Spire, Ultralisk  
  177  11:04  Zergling x6  
  178  11:15  Zergling x4  
  179  11:22  Zergling x22, Overseer  
  190  11:30  Zergling x20  
  200  11:34  Baneling x2  
  200  11:42  Nydus Canal x2  
  200  11:44  Overseer  
  169  12:01  Zergling x8  
  169  12:02  Zergling x6  
  169  12:04  Zergling x16  
  169  12:06  Ultralisk x5  
  191  12:11  Zergling x2  
  191  12:15  Zergling x6  
  192  12:18  Zerg Flyer Weapons Level 1  
  192  12:21  Nydus Canal  
  192  12:22  Nydus Canal  
  189  12:29  Zergling x18  
  197  12:39  Hatchery  
  197  12:42  Zergling x10  
  200  12:44  Baneling x7  
  200  12:48  Zergling x12  
  200  12:50  Overseer x2  
  194  12:59  Zergling x2  
  194  13:00  Zergling x2  
  194  13:01  Zergling x18  
  194  13:02  Zergling x2  
  194  13:03  Nydus Canal  
  194  13:04  Nydus Canal  
  191  13:15  Hatchery  
  191  13:17  Corruptor x6  
  190  13:20  Corruptor  
  190  13:21  Drone  
  193  13:30  Zergling x8, Ultralisk  
  188  13:38  Baneling x4  
  186  13:44  Corruptor x3  
  192  13:51  Drone x4  
  192  13:53  Drone  
  197  13:57  Zergling x4  
  197  14:00  Baneling x5  
  199  14:04  Nydus Canal x2  
  164  14:19  Zergling x36  
  164  14:22  Corruptor x2  
  164  14:25  Zergling x6  
  167  14:33  Zergling x6  
  167  14:37  Drone  
  171  14:40  Zergling x8  
  171  14:43  Overseer x3  
  175  14:49  Zergling x2  
  175  14:50  Zergling x12  
  181  14:53  Viper x2  
  187  15:00  Baneling x2  
  187  15:06  Drone x8  
  190  15:15  Baneling x4  
  190  15:18  Nydus Canal  
  188  15:21  Drone  
  188  15:22  Drone  
  188  15:24  Zergling x14  
  189  15:43  Zergling x20  
  189  15:45  Nydus Canal x2  
  199  15:55  Corruptor  
  199  15:58  Zergling x2  
  199  15:59  Overlord  
  199  16:01  Overlord  
  199  16:05  Overlord  
  199  16:08  Baneling  
  199  16:09  Baneling x9  
  199  16:14  Spine Crawler  
  199  16:16  Spore Crawler  
  197  16:33  Nydus Canal  
  197  16:34  Hatchery  
  197  16:35  Nydus Canal  
  197  16:38  Zergling x8  
  199  16:54  Zergling x10, Ultralisk x6  
  195  16:57  Zergling x12  
  191  17:04  Zergling x8  
  191  17:08  Zergling x10  
  185  17:09  Overlord  
  185  17:14  Overlord  
  180  17:16  Zergling x14  
  173  17:24  Queen  
  173  17:30  Ultralisk x2  
  173  17:35  Baneling x3  
  173  17:36  Overlord, Baneling x3  
  158  17:48  Overseer  
  132  17:53  Zergling x30  
  132  17:56  Spore Crawler, Drone  
  144  18:03  Drone x4  
  145  18:08  Corruptor x4  
  153  18:18  Corruptor x2  
  147  18:21  Zergling x4  
  147  18:22  Drone x4  
  135  18:33  Zergling x10  
  132  18:36  Corruptor x2  
  136  18:42  Baneling x2  
  136  18:43  Infestor, Baneling x4  
  137  18:54  Zergling x4  
  137  18:55  Overseer  
  136  19:06  Zergling x24  
  148  19:12  Baneling x7  
  148  19:14  Zergling x8  
  152  19:22  Zergling x10  
  156  19:32  Spore Crawler  
  156  19:34  Corruptor  
  155  19:41  Viper  
  155  19:42  Corruptor  
  155  19:43  Corruptor  
  157  20:01  Zergling x24  
  163  20:12  Zergling x22  
  155  20:18  Zergling x4, Baneling  
  155  20:19  Baneling  
  157  20:22  Infestor  
  154  20:37  Zergling x4, Ultralisk  
  154  20:38  Zergling x4  
  162  20:46  Corruptor x3, Drone  
  168  20:54  Zergling x2  
  168  20:55  Zergling x14  
  168  20:56  Hatchery  
  169  21:02  Zergling x12  
  164  21:14  Zergling x20  
  164  21:16  Baneling x7  
  173  21:21  Zergling x8  
  176  21:28  Baneling  
  176  21:31  Zergling x10  
  176  21:32  Baneling x8  
  176  21:38  Overlord  
  174  21:41  Overseer  
  174  21:43  Overlord  
  169  21:51  Zergling x4  
  169  21:52  Zergling x12  
  177  21:57  Baneling x9  
  177  22:02  Zergling x8  
  180  22:19  Zergling x28  
  194  22:23  Extractor, Baneling x6  
  194  22:25  Extractor  
  190  22:43  Zergling x20  
  200  22:52  Extractor  
  200  22:57  Drone x2  
  194  23:04  Corruptor  
  194  23:05  Corruptor x2  
  185  23:08  Zergling x24  
  199  23:18  Baneling x6  
  199  23:31  Overlord  
  196  23:36  Overlord  
  196  23:40  Overlord  
  196  23:43  Spore Crawler  
  192  24:09  Zergling x32  
  199  24:10  Nydus Canal x2  
Show
View Real Time Build Order
Export as new Build Order

uThermal Terran 

Build Orders: Liberator Opening, Reaper Expand 

Get SALT Encoding   

  12  0:02  SCV  
  13  0:14  SCV  
  13  0:19  Supply Depot  
  14  0:26  SCV  
  15  0:40  SCV  
  15  0:41  Barracks  
  16  0:45  Refinery  
  16  0:52  SCV  
  17  1:04  SCV  
  18  1:16  SCV  
  19  1:29  Orbital Command, Reaper  
  20  1:40  Command Center  
  20  1:50  Supply Depot  
  20  1:55  SCV  
  20  2:01  Marine  
  22  2:07  SCV  
  23  2:10  Factory  
  23  2:17  Refinery  
  23  2:19  SCV  
  23  2:21  Barracks Reactor  
  24  2:31  SCV  
  25  2:43  SCV  
  26  2:56  Orbital Command  
  26  2:57  Starport  
  26  3:00  SCV  
  26  3:05  Hellion x2, Barracks Tech Lab  
  31  3:12  SCV  
  32  3:19  Liberator  
  32  3:23  SCV  
  32  3:24  SCV  
  32  3:26  Hellion x2  
  37  3:35  SCV  
  37  3:37  SCV  
  42  3:41  Supply Depot  
  42  3:47  SCV, Hellion  
  45  3:54  SCV  
  46  3:56  Supply Depot  
  46  4:03  SCV, Hellion  
  49  4:10  SCV  
  49  4:12  Command Center  
  49  4:15  SCV  
  49  4:16  Marine  
  52  4:21  Starport Reactor  
  52  4:23  SCV  
  53  4:27  SCV  
  53  4:28  Supply Depot  
  53  4:30  Stimpack  
  54  4:33  Marine  
  54  4:35  SCV  
  54  4:38  Factory Tech Lab, Barracks  
  56  4:43  SCV  
  56  4:44  Barracks  
  57  4:47  SCV  
  57  4:51  Supply Depot  
  58  4:55  Marine  
  58  4:56  SCV  
  60  5:02  SCV, Engineering Bay  
  60  5:03  Engineering Bay  
  61  5:07  Starport Reactor  
  61  5:08  Siege Tank  
  61  5:12  Refinery  
  61  5:13  Marine  
  62  5:15  SCV  
  62  5:16  Refinery  
  62  5:17  SCV  
  64  5:25  Orbital Command  
  64  5:27  Marine x2, SCV  
  67  5:31  Marine  
  67  5:34  Terran Infantry Armor Level 1, Terran Infantry Weapons Level 1  
  69  5:35  SCV  
  69  5:40  SCV  
  69  5:42  Marine x2  
  72  5:44  Marine  
  72  5:45  Siege Tank  
  72  5:47  SCV  
  72  5:48  Marine  
  78  5:52  SCV, Medivac  
  78  5:55  Medivac  
  78  5:56  Marine  
  84  5:57  Orbital Command  
  84  6:05  Marine, Barracks  
  84  6:06  Barracks  
  84  6:07  Marine  
  84  6:09  SCV  
  84  6:11  SCV  
  88  6:13  Combat Shield  
  88  6:14  Supply Depot  
  88  6:15  Marine  
  88  6:16  Marine x2  
  91  6:21  SCV  
  91  6:23  SCV  
  93  6:28  Supply Depot  
  93  6:29  Factory Reactor  
  93  6:36  Marine x3, SCV, Medivac x2  
  93  6:37  Supply Depot  
  101  6:40  SCV  
  101  6:41  Marine  
  101  6:43  Marine, SCV  
  105  6:49  SCV, Supply Depot  
  105  6:52  SCV  
  105  6:53  Marine, Barracks Reactor  
  108  6:54  Barracks Reactor  
  108  6:55  SCV  
  109  7:01  Marine, SCV  
  109  7:04  SCV  
  109  7:08  Medivac  
  114  7:09  Marine  
  114  7:12  Marine, Medivac  
  114  7:13  Marine x2  
  120  7:19  Marine, SCV, Widow Mine x2  
  112  7:25  Supply Depot  
  112  7:27  Marine  
  113  7:30  Marine x3  
  113  7:31  Supply Depot x2  
  113  7:32  Marine, Armory  
  117  7:38  Marine  
  117  7:40  Widow Mine x2  
  122  7:46  Command Center  
  122  7:48  Supply Depot  
  122  7:49  Marine  
  122  7:50  Marine  
  124  7:53  Marine, Medivac  
  127  7:58  Marine x2  
  127  8:02  Widow Mine  
  127  8:03  Widow Mine  
  127  8:05  Factory  
  133  8:07  Supply Depot  
  133  8:09  Refinery  
  133  8:12  Marine x2  
  135  8:13  Supply Depot  
  135  8:18  Marine  
  134  8:21  Terran Infantry Armor Level 2, Terran Infantry Weapons Level 2  
  134  8:23  Marine, Terran Vehicle And Ship Armor Level 1  
  134  8:24  Marine  
  134  8:25  SCV  
  137  8:28  Marine, SCV  
  137  8:30  Widow Mine  
  137  8:32  Marine  
  137  8:33  Widow Mine  
  144  8:35  Marine  
  144  8:38  Marine, SCV  
  147  8:51  Marine  
  147  8:52  Marine x2  
  147  8:53  Marine x2  
  132  8:57  Drilling Claws, Widow Mine x3  
  132  8:58  Marine x2  
  132  8:59  Medivac  
  132  9:00  Marine  
  142  9:09  Marine x2  
  142  9:10  Marine x3  
  142  9:16  SCV x2  
  147  9:17  SCV  
  147  9:18  Command Center  
  147  9:20  Marine  
  147  9:21  Marine  
  147  9:23  Marine  
  151  9:24  Marine  
  151  9:27  Widow Mine  
  151  9:28  SCV, Widow Mine  
  151  9:31  Widow Mine  
  159  9:32  Marine  
  159  9:33  Marine  
  160  9:42  SCV  
  160  9:43  Marine x2  
  160  9:44  Marine x2  
  164  9:48  Widow Mine  
  164  9:50  Widow Mine  
  168  9:55  Widow Mine  
  168  9:56  Marine x2  
  165  10:00  Marine, SCV  
  165  10:01  SCV x2  
  161  10:07  Marine x2  
  161  10:09  Marine  
  161  10:10  Widow Mine  
  161  10:13  SCV x3  
  167  10:14  Planetary Fortress  
  167  10:19  Marine  
  168  10:24  Marine  
  168  10:25  SCV x3  
  168  10:28  Marine x4  
  172  10:29  Marine  
  172  10:31  Orbital Command  
  172  10:33  Widow Mine x2  
  172  10:34  Marine, Widow Mine  
  184  10:36  Marine  
  184  10:37  SCV x3  
  184  10:42  Terran Infantry Weapons Level 3  
  188  10:50  Marine x2  
  188  10:51  Marine x2  
  188  10:53  Marine  
  188  10:54  Marine x2, Marauder, Widow Mine  
  188  10:55  Marine, Liberator  
  188  10:56  SCV  
  200  11:05  Starport x2  
  200  11:08  Fusion Core  
  198  11:12  Widow Mine  
  200  11:19  Marine x3  
  200  11:26  Barracks x2, Terran Infantry Armor Level 3  
  200  11:27  Terran Ship Weapons Level 1, Barracks  
  200  11:43  Command Center  
  200  11:46  Liberator  
  200  11:48  Liberator x2  
  200  12:08  Marine, Marauder  
  183  12:10  Widow Mine  
  183  12:14  Marine  
  183  12:15  Marine x3  
  187  12:17  Barracks Tech Lab x2  
  187  12:19  Marine x2  
  187  12:22  Marine  
  185  12:29  Liberator  
  190  12:30  Marauder, Starport Tech Lab  
  190  12:35  Marine x2, SCV  
  190  12:36  Marauder  
  191  12:48  Advanced Ballistics  
  191  12:49  Starport Reactor  
  191  12:50  Marine, SCV  
  191  12:51  Marine, Marauder  
  199  12:53  Liberator  
  199  12:58  Marine  
  197  13:01  Marine  
  197  13:02  Marauder  
  197  13:03  Liberator  
  197  13:04  Widow Mine  
  186  13:06  Marine x2  
  186  13:07  Marauder  
  186  13:09  Marine x2, Widow Mine  
  186  13:11  Marine, Liberator  
  198  13:12  Marauder  
  198  13:18  Marine  
  198  13:19  Marine  
  190  13:23  Liberator, SCV x4, Marauder  
  190  13:24  Planetary Fortress  
  199  13:29  Marine  
  199  13:41  Marine  
  199  13:45  Command Center, SCV  
  200  14:05  Liberator x2  
  178  14:18  Marine, Marauder  
  178  14:19  Marine  
  178  14:20  Marauder  
  178  14:22  Liberator  
  178  14:23  Marine x3, Marauder  
  191  14:24  Widow Mine  
  193  14:32  Command Center x2, Orbital Command  
  193  14:33  Marine  
  193  14:36  Command Center  
  196  14:57  Marauder, Widow Mine  
  200  15:12  Planetary Fortress  
  200  15:14  Refinery, Missile Turret  
  200  15:15  Refinery  
  200  15:18  Marine x3  
  200  15:19  Liberator  
  200  15:22  Sensor Tower  
  200  15:26  Widow Mine  
  200  15:28  Marine  
  199  15:35  Marauder, Widow Mine  
  199  15:36  Marauder  
  199  15:37  Marine x2, Marauder  
  192  15:42  Marine  
  192  15:43  Marine, Widow Mine  
  192  15:47  Widow Mine  
  196  15:50  Marine  
  196  15:55  Marine  
  196  15:56  Marine, Marauder  
  200  15:57  Marauder  
  200  15:59  Marauder  
  195  16:04  Orbital Command  
  195  16:05  Orbital Command  
  195  16:12  Missile Turret x2  
  195  16:14  Marine, Missile Turret  
  195  16:16  Missile Turret  
  195  16:18  Marauder x2  
  200  16:24  Ghost Academy  
  200  16:34  Liberator, Planetary Fortress  
  168  17:00  Widow Mine  
  156  17:05  Marine x3  
  156  17:06  Marine  
  159  17:12  Barracks  
  159  17:13  Barracks  
  158  17:17  Barracks  
  158  17:18  Barracks  
  158  17:20  Barracks  
  158  17:21  Liberator  
  148  17:23  Marine x3  
  148  17:24  Widow Mine  
  148  17:28  Factory  
  145  17:33  Marine  
  144  17:38  Command Center  
  144  17:41  Marine x2  
  127  17:57  Marine  
  117  18:00  Marine  
  117  18:03  Widow Mine  
  117  18:04  Marine, Liberator  
  117  18:05  Marine  
  116  18:15  Marine  
  116  18:16  Orbital Command x2  
  114  18:20  Marine  
  117  18:28  Widow Mine  
  117  18:31  Marine  
  108  18:35  Marine  
  108  18:37  Marine x2  
  108  18:39  SCV x2  
  112  18:45  Marine  
  112  18:47  Liberator  
  113  18:51  SCV x2, Widow Mine, Barracks Tech Lab  
  113  18:52  SCV  
  111  19:03  SCV x2  
  116  19:10  Marine, SCV  
  116  19:14  Widow Mine  
  120  19:19  Sensor Tower  
  120  19:22  SCV  
  121  19:24  Marine  
  121  19:27  Marine  
  121  19:29  SCV  
  124  19:32  Marine, SCV  
  124  19:33  SCV  
  124  19:36  Marine, Marauder  
  130  19:39  Liberator, SCV  
  130  19:42  Marine  
  130  19:45  Marine  
  130  19:49  SCV  
  131  19:53  Marine  
  131  19:57  Widow Mine  
  131  19:58  SCV, Marauder  
  137  20:01  Marine  
  137  20:04  Marine  
  137  20:06  Marine  
  138  20:11  Marine  
  115  20:15  SCV  
  115  20:16  Barracks  
  115  20:17  Barracks, SCV x2  
  115  20:18  SCV x2, Widow Mine  
  115  20:19  Marine, Barracks, Marauder  
  125  20:22  Marine, Liberator  
  125  20:27  Orbital Command  
  125  20:28  SCV  
  127  20:29  Marine  
  127  20:37  Marine, SCV  
  127  20:38  SCV  
  127  20:40  Marauder, Widow Mine  
  127  20:42  SCV  
  139  20:44  Barracks Tech Lab  
  139  20:45  Concussive Shells, Barracks Tech Lab  
  139  20:46  SCV  
  139  20:47  Marine  
  139  20:49  SCV  
  140  20:54  SCV  
  140  20:55  Marine  
  134  21:01  Widow Mine  
  134  21:02  Marauder  
  134  21:03  Marine  
  134  21:04  SCV  
  134  21:05  Marine  
  130  21:12  Marine x2  
  130  21:13  SCV x2  
  130  21:14  SCV  
  132  21:21  Marine  
  132  21:22  Marine  
  132  21:23  Marauder  
  131  21:26  SCV, Widow Mine  
  131  21:30  Marine, Marauder  
  136  21:35  SCV  
  136  21:39  Marine  
  138  21:40  Marine  
  138  21:44  Marauder  
  141  21:47  Widow Mine  
  141  21:48  Marine  
  141  21:52  Marauder  
  143  21:56  Marine  
  143  21:57  Barracks Tech Lab x2  
  143  21:58  SCV  
  143  21:59  Refinery  
  143  22:00  Command Center, Refinery  
  145  22:20  Supply Depot  
  145  22:21  Supply Depot x2  
  145  22:30  SCV  
  145  22:31  Marauder  
  145  22:41  Marine x4, Marauder, Widow Mine  
  145  22:43  SCV x3, Marauder  
  158  22:52  Marine  
  158  22:55  Orbital Command  
  154  22:59  Marine x4  
  154  23:03  Marauder, Widow Mine  
  154  23:04  Marine  
  147  23:09  Marine  
  147  23:17  Marine x4  
  151  23:24  Widow Mine  
  151  23:25  Marine, Marauder  
  153  23:30  Marine  
  145  23:34  Marine  
  145  23:35  Marauder x2  
  145  23:36  Marine  
  151  23:42  Marine  
  151  23:46  Widow Mine  
  154  23:52  Marine  
  154  23:54  Marine  
  157  24:01  Marine  
Tags
 
Add a new tag
Caveats
  • Supply blocks, unpowered buildings, or Contaminate may cause inaccurate times.
  • Supply counts are checked every 10 seconds.